Map: Pylon LE

Players

LigerMaNN

  • Race: Zerg Zerg
  • League: Diamond
  • Spawn Location: 5:00

Jersyjewbear - Winner!

  • Race: Zerg Zerg
  • League: Master
  • Spawn Location: 11:00

VOD

Have the link to the VOD?

Description

Time

  • Played on: June 8, 2025, 1:02 a.m.
  • Length: 5:03
Show
View Real Time Build Order
Export as new Build Order

LigerMaNN Zerg 

Build Orders: Hatch First 

Get SALT Encoding   

  12  0:01  Drone  
  13  0:14  Overlord  
  13  0:16  Drone  
  14  0:33  Drone x2  
  16  0:48  Hatchery  
  15  0:50  Drone  
  15  0:53  Drone  
  17  0:57  Drone  
  18  1:07  Extractor  
  17  1:13  Spawning Pool  
  17  1:16  Drone  
  17  1:19  Drone  
  18  1:29  Drone  
  19  1:45  Overlord  
  19  2:02  Zergling x6, Queen  
  19  2:03  Queen  
  26  2:12  Metabolic Boost  
  26  2:15  Drone  
  26  2:16  Drone  
  28  2:32  Drone x2  
  28  2:33  Drone  
  31  2:43  Hatchery  
  30  3:00  Queen  
  32  3:18  Baneling Nest  
  31  3:20  Evolution Chamber  
  31  3:21  Drone  
  31  3:22  Drone x5  
  35  3:45  Zergling x2  
  35  3:46  Overlord x2  
  35  3:47  Overlord x2  
  36  4:07  Zergling x10  
  36  4:08  Zergling x4  
  42  4:15  Zergling x2  
  42  4:24  Zergling x16  
  42  4:29  Baneling x4  
Show
View Real Time Build Order
Export as new Build Order

Jersyjewbear Zerg - Winner!

Build Orders: Pool First 

Get SALT Encoding   

  12  0:00  Drone  
  13  0:08  Drone  
  14  0:17  Overlord  
  15  0:35  Drone x2  
  15  0:36  Drone  
  17  0:43  Spawning Pool  
  17  0:47  Drone  
  17  0:51  Extractor  
  16  0:57  Drone  
  17  1:14  Hatchery  
  17  1:16  Drone  
  17  1:20  Drone  
  18  1:32  Queen  
  20  1:40  Overlord  
  20  1:51  Drone  
  20  1:52  Drone  
  22  1:58  Metabolic Boost  
  22  2:03  Zergling x2  
  23  2:26  Queen  
  23  2:28  Overlord  
  23  2:29  Drone x2  
  27  2:40  Baneling Nest  
  26  2:44  Drone x3  
  26  2:48  Overlord  
  26  2:49  Zergling x2  
  30  2:57  Zergling x2  
  30  2:58  Zergling x2  
  31  3:10  Zergling x6  
  34  3:26  Drone  
  35  3:28  Baneling x3  
  35  3:29  Baneling x3  
  35  3:42  Zergling x2  
  35  3:43  Zergling x14  
  42  3:53  Zergling x8  
  46  3:58  Overlord  
  46  4:11  Zergling x2  
  46  4:12  Zergling x8  
  51  4:26  Zergling x10  
  56  4:40  Zergling x2  
  56  4:45  Zergling x6  
Tags
 
Matchup
ZvZ
Race
Zerg
Replay Pack
June 2025
Spawn Locations
Cross Positions
Add a new tag
Caveats
  • Supply blocks, unpowered buildings, or Contaminate may cause inaccurate times.
  • Supply counts are checked every 10 seconds.